 Dungeon Crawl Stone Soup version 0.21.1-1-g345015fe64 (webtiles) character file.

132 Gargoyl the Skirmisher (level 4, 0/38 HPs)
             Began as a Centaur Abyssal Knight on July 3, 2018.
             Was a Believer of Lugonu.
             Slain by a gnoll (5 damage)
             ... on level 2 of the Dungeon.
             The game lasted 00:03:38 (1901 turns).

Gargoyl the Skirmisher (Centaur Abyssal Knight)     Turns: 1901, Time: 00:03:39

Health: 0/38       AC: 10    Str: 14    XL:     4   Next: 92%
Magic:  6/6        EV:  2    Int: 11    God:    Lugonu [**....]
Gold:   194        SH:  0    Dex: 10    Spells: 3/3 levels left

rFire    . . .     SeeInvis .   a - +2 hand axe (elec)
rCold    . . .     Gourm    .   (no shield)
rNeg     . . .     Faith    .   k - +0 plate armour
rPois    .         Spirit   .   d - +0 helmet
rElec    .         Reflect  .   (no cloak)
rCorr    .         Harm     .   (no gloves)
MR       .....                  (no barding)
Stlth    ..........             (no amulet)
HPRegen  0.12/turn              (no ring)
MPRegen  0.10/turn              (no ring)

@: very quick
A: large, hooves 3, deformed body, speed 2, tough skin 3
a: Depart the Abyss, Bend Space, Renounce Religion


You were on level 2 of the Dungeon.
You worshipped Lugonu.
Lugonu was pleased with you.
You were not hungry.

You visited 1 branch of the dungeon, and saw 2 of its levels.
You visited the Abyss 1 time.

You collected 194 gold pieces.

Inventory:

Hand Weapons
 a - a +2 hand axe of electrocution (weapon)
Armour
 d - a +0 helmet (worn)
 k - a +0 plate armour (worn)
Scrolls
 f - a scroll of blinking {unknown}
 g - 3 scrolls of identify
 j - a scroll of teleportation
Potions
 e - a potion of heal wounds
 h - 2 potions of magic {unknown}
 i - 2 potions of might {unknown}
 m - 2 potions of curing {unknown}
Books
 l - a book of Cantrips

   Spells                             Type                      Level
   a - Confusing Touch                Hexes                        1
   b - Animate Skeleton               Necromancy                   1
   c - Summon Small Mammal            Summoning                    1
   d - Apportation                    Translocation                1
Comestibles
 c - 4 rations


   Skills:
 + Level 3.5 Fighting
 + Level 2.8 Axes
 * Level 2.6 Armour
 + Level 0.7 Dodging
 * Level 2.7 Invocations


You had 3 spell levels left.
You didn't know any spells.

Dungeon Overview and Level Annotations

Branches:
Dungeon (2/15)

Altars:


Innate Abilities, Weirdness & Mutations

You have hooves in place of feet.
Armour fits poorly on your strangely shaped body.
You cover ground very quickly.
You have extremely tough skin. (AC +3)


Message History

The adder bites you but does no damage. The gnoll hits you.
The adder barely misses you.
Unknown command.
You hit the adder.
You kill the adder!
Lugonu accepts your kill.
Your plate armour prevents you from hitting the gnoll.
The gnoll hits you.
* * * LOW HITPOINT WARNING * * *
The gnoll hits you.
* * * LOW HITPOINT WARNING * * *
You see here an adder corpse.
Unknown command.
You open the door. The gnoll hits you.
* * * LOW HITPOINT WARNING * * *
Unknown command.
You closely miss the gnoll.
The gnoll is almost dead.
The gnoll hits you.
You die...

..# #. .# #.# #.# .# #.# #.#
.#### #.# #.###.... ..#
#......# ..# #......###.
..########## #..........
.>.........###.g).......
.....#####..##..@.......
.....##........#'###....
.....##.###..###.# ...
.....##.......##.# .
.....##.......#...
.....##.......#..######.#.##
............................
.#...##..........#.##...#.##
.#...##.######...#<.#...#


You could see a gnoll.

Vanquished Creatures
  Jessica (D:2)
  Robin (D:2)
  2 gnolls (D:2)
  2 adders (D:2)
  A worm (D:2)
  5 bats
  17 goblins
  10 hobgoblins
  2 ball pythons
  5 frilled lizards
  5 kobolds
  4 rats
55 creatures vanquished.

Notes
Turn   | Place    | Note
-------+----------+-------------------------------------------
     0 | Abyss:1  | Gargoyl the Centaur Abyssal Knight began the quest for the Orb.
     0 | Abyss:1  | Reached XP level 1. HP: 19/19 MP: 2/2
    50 | Abyss:1  | Noticed an ancient zyme
    85 | Abyss:1  | Noticed an ancient zyme
    98 | Abyss:1  | Noticed a starcursed mass
   212 | Abyss:2  | Noticed a chaos spawn
   238 | Abyss:2  | Noticed a small abomination
   243 | D:1      | Escaped the Abyss
   725 | D:1      | Reached XP level 2. HP: 26/26 MP: 3/3
   731 | D:1      | Reached * piety under Lugonu
  1172 | D:1      | Reached XP level 3. HP: 31/31 MP: 4/4
  1430 | D:2      | Noticed Jessica
  1440 | D:2      | Killed Jessica
  1562 | D:2      | Noticed Robin
  1569 | D:2      | Reached ** piety under Lugonu
  1569 | D:2      | Reached XP level 4. HP: 29/38 MP: 5/5
  1572 | D:2      | Killed Robin
  1901 | D:2      | Slain by a gnoll

Skill      XL: |  1  2  3 |
---------------+----------+-----
Axes           | 2 |  2.8
Armour         | 2 |  2.6
Fighting       | |  3.5
Dodging        | |  0.7
Invocations    | |  2.7

Action                   |  1- 3 |  4- 6 || total
-------------------------+-------+-------++-------
Melee: Hand axe          |    81 |    31 ||   112
       Kick              |    11 |     7 ||    18
Invok: Depart the Abyss  |     1 |       ||     1
  Use: Scroll            |     6 |       ||     6
  Eat: Chunk             |     1 |     1 ||     2
Armor: Chain mail        |    26 |       ||    26
       Plate armour      |    43 |    41 ||    84
Dodge: Dodged            |    20 |     5 ||    25
